 Dungeon Crawl Stone Soup version 0.24-a0-341-g52ca42d3ec (webtiles) character file.

Game seed: 2755464554033511798

11 tsouns the Chucker (level 2, 0/31 HPs)
             Began as an Ogre Hunter on May 20, 2019.
             Slain by a jackal (3 damage)
             ... on level 1 of the Dungeon.
             The game lasted 00:01:13 (291 turns).

tsouns the Chucker (Ogre Hunter)                     Turns: 291, Time: 00:01:13

Health: 0/31       AC:  3    Str: 15    XL:     2   Next: 29%
Magic:  2/2        EV: 10    Int: 12    God:
Gold:   3          SH:  0    Dex:  9    Spells: 1/1 levels left

rFire    . . .     SeeInvis .   a - +0 short sword
rCold    . . .     Gourm    .   (no shield)
rNeg     . . .     Faith    .   b - +0 robe
rPois    .         Spirit   .   (helmet restricted)
rElec    .         Reflect  .   (no cloak)
rCorr    .         Harm     .   (gloves unavailable)
MR       .....                  (boots unavailable)
Stlth    +.........             (no amulet)
HPRegen  0.10/turn              (no ring)
MPRegen  0.08/turn              (no ring)

@: no status effects
A: large, unfitting armour, tough skin 1
a: no special abilities


You were on level 1 of the Dungeon.
You were not hungry.

You visited 1 branch of the dungeon, and saw 1 of its levels.

You collected 3 gold pieces.

Inventory:

Hand Weapons
 a - a +0 short sword (weapon)
Missiles
 e - 12 stones (quivered)
Armour
 b - a +0 robe (worn)
Scrolls
 h - a scroll of remove curse {unknown}
Potions
 g - a potion of curing {unknown}
Comestibles
 f - 2 rations


   Skills:
 + Level 3.3 Fighting
 + Level 4.2 Throwing
 - Level 1.7 Dodging
 - Level 0.6 Stealth


You had one spell level left.
You didn't know any spells.
Your spell library was empty.

Dungeon Overview and Level Annotations

Branches:
Dungeon (1/15)

Altars:


Innate Abilities, Weirdness & Mutations

You are too large for most types of armour.
You have tough skin. (AC +1)


Message History

The large rock hits the frilled lizard!
You kill the frilled lizard!
The jackal bites you.
* * * LOW HITPOINT WARNING * * *
The jackal completely misses you. The jackal bites you.
* * * LOW HITPOINT WARNING * * *
Throwing (i - inventory. (/) - cycle)
d - 2 throwing nets (quivered)
Press: ? - help, Shift-Dir - straight line, f - jackal
Aim: a jackal (severely wounded)
You throw a throwing net. The throwing net misses the jackal.
The throwing net hits the rat.
The rat is caught in the net!
The jackal barely misses you.
Throwing (i - inventory. (/) - cycle)
d - a throwing net (quivered)
Press: ? - help, Shift-Dir - straight line, f/p - jackal
Aim: a jackal (severely wounded)
You throw a throwing net.
The throwing net closely misses the jackal.
The throwing net hits the rat.
The rat struggles against the net.
The jackal bites you.
You die...

......##.r............#
....%..##...#...(######
...(...#######...#
.......# ##..## .(.....#
#...# ........
##..########## .>....##
#r...#....... .....##
#h##.........
#@###...(....
#..###........
#########.###.#.......
#.......#.###.#.......
#.##+##.#.#...#.......
#.#...#.#...#.#.......
#.#.<.#.#..##.#.......
###.##'##.#..##.........
#.'.+.....#..##††#######


You could see a jackal and a rat (caught).

Vanquished Creatures
  A ball python (D:1)
  2 bats (D:1)
  3 hobgoblins (D:1)
  A jackal (D:1)
  A frilled lizard (D:1)
  A kobold (D:1)
  2 rats (D:1)
11 creatures vanquished.

Notes
Turn   | Place    | Note
-------+----------+-------------------------------------------
     0 | D:1      | tsouns the Ogre Hunter began the quest for the Orb.
     0 | D:1      | Reached XP level 1. HP: 22/22 MP: 1/1
    70 | D:1      | Reached XP level 2. HP: 16/31 MP: 2/2
   291 | D:1      | Slain by a jackal

Levels and vault maps discovered:
D:1:      ncdulo_smallfort, layout_rooms

Skill      XL: |  1 |
---------------+----+-----
Fighting       | 3 |  3.3
Throwing       | |  4.2
Dodging        | |  1.7
Stealth        | |  0.6

Action                   || total
-------------------------++-------
Melee: Short sword       ||    43
Throw: Large rock        ||     6
       Stone             ||     3
       Throwing net      ||     2
Armor: Robe              ||    25
Dodge: Dodged            ||    53

Table legend:
 A = Non-vault XP
 B = Vault XP
 C = Vault XP percentage of total XP
 D = Non-vault monster count
 E = Vault monster count
 F = Vault count percentage of total count
                 A         B        C        D         E       F
            +---------+---------+-------+---------+---------+-------
      Total |      17 |       0 |   0.0 |      11 |       0 |   0.0
            +---------+---------+-------+---------+---------+-------
        D:1 |      17 |       0 |   0.0 |      11 |       0 |   0.0
            +---------+---------+-------+---------+---------+-------
